WCHLSIM.com - West Coast Hockey League
html PUBLIC "-//W3C//DTD XHTML 1.0 Transitional//EN" "http://www.w3.org/TR/xhtml1/DTD/xhtml1-transitional.dtd"> WCHL - Game 23 - SACRAMENTO BANDITS vs SPOKANE KNIGHTS

SACRAMENTO BANDITS vs SPOKANE KNIGHTS

Created - 15 novembre 2020 at 22:12

Goals
1 2 3 T
SACRAMENTO BANDITS 0 3 0 3
SPOKANE KNIGHTS 0 1 0 1
Shots
1 2 3 T
SACRAMENTO BANDITS 2 15 6 23
SPOKANE KNIGHTS 5 8 3 16

1st period

No Goal

Penalties :
Brent Seabrook (SPO) for Tripping (Minor) at 9:02, Roman Polak (SPO) for Hooking (Minor) at 13:30

2nd period

1. SACRAMENTO BANDITS , Brock Boeser 1 (Matt Duchene 1, Ryan Suter 2) at 1:19
2. SACRAMENTO BANDITS , Brock Boeser 2 (Jamie Benn 1, Alexander DeBrincat 1) at 12:12 (PP)
3. SACRAMENTO BANDITS , Matt Duchene 1 (Mark Borowiecki 1, Scott Laughton 1) at 12:39
4. SPOKANE KNIGHTS , Patrick Kane 1 (Cale Makar 2, Gaetan Haas 1) at 14:24

Penalties :
Roman Polak (SPO) for Holding (Minor) at 5:06, Dan Hamhuis (SPO) for Hooking (Minor) at 10:32

3rd period

No Goal

Penalties :
Roman Polak (SPO) for Tripping (Minor) at 0:53, Victor Hedman (SPO) for Charging (Minor) at 5:07

Goalie Stats

Andrei Vasilevskiy (SAC), 15 saves from 16 shots - (0,938), W, 2-0-0, 60:00 minutes
Matthew Murray (SPO), 20 saves from 23 shots - (0,870), L, 1-1-0, 60:00 minutes

Players Stats for SACRAMENTO BANDITS

Player Name              G  A  P  +/- PIM S  H  SB GA TA FO     MP     PP MP  PK MP  
------------------------------------------------------------------------------------
Aleksander Barkov        0  0  0  -1  0   3  1  0  0  0  7/19   21:34   6:27   0:00 
Alexander DeBrincat      0  1  1   1  0   0  2  0  0  0  0/1    17:47   5:08   0:00 
Alexander Radulov        0  0  0  -1  0   0  2  0  0  0  0/2    21:05   6:27   0:00 
Brock Boeser             2  0  2   1  0   6  3  0  0  0  0/0    17:47   5:08   0:00 
Ivan Provorov            0  0  0   0  0   1  1  0  0  0  0/0    19:11   5:25   0:00 
Jake DeBrusk             0  0  0   1  0   0  0  0  0  0  0/0    10:20   0:00   0:00 
Jamie Benn               0  1  1   0  0   0  2  0  0  0  2/4     5:08   5:08   0:00 
Jay Beagle               0  0  0   0  0   2  0  0  0  0  10/11  11:29   0:00   0:00 
John Carlson             0  0  0   0  0   0  1  1  0  0  0/0    24:34   5:36   0:00 
Jonathan Huberdeau       0  0  0  -1  0   6  1  0  0  0  1/2    21:05   6:27   0:00 
Justin Williams          0  0  0   0  0   2  0  0  0  0  0/1    10:48   0:00   0:00 
Kyle Clifford            0  0  0   0  0   0  3  0  0  0  0/0    10:48   0:00   0:00 
Luca Sbisa               0  0  0   1  0   0  1  0  0  0  0/0    15:41   0:00   0:00 
Mark Borowiecki          0  1  1   1  0   0  1  0  0  0  0/0    16:15   0:34   0:00 
Matt Duchene             1  1  2   2  0   2  4  0  0  0  11/20  21:49   0:00   0:00 
Mattias Ekholm           0  0  0   0  0   0  3  3  0  0  0/0    22:52   5:25   0:00 
Ryan Suter               0  1  1   0  0   0  1  0  0  0  0/0    21:27   6:10   0:00 
Scott Laughton           0  1  1   1  0   1  1  0  0  0  0/0    10:20   0:00   0:00 

Players Stats for SPOKANE KNIGHTS

Player Name              G  A  P  +/- PIM S  H  SB GA TA FO     MP     PP MP  PK MP  
------------------------------------------------------------------------------------
Blake Wheeler            0  0  0  -1  0   4  0  0  0  0  1/1    19:02   0:00   3:43 
Brent Seabrook           0  0  0  -1  2   1  2  1  0  0  0/0    18:39   0:00   3:42 
Cale Makar               0  1  1   0  0   1  0  0  0  0  0/0    19:35   0:00   2:27 
Dan Hamhuis              0  0  0  -1  2   0  1  0  0  0  0/0    17:27   0:00   3:25 
Gabriel Bourque          0  0  0   0  0   0  0  0  0  0  0/0     0:00   0:00   0:00 
Gaetan Haas              0  1  1   1  0   0  0  0  0  0  3/8    13:55   0:00   3:43 
Garnet Hathaway          0  0  0   1  0   1  3  0  0  0  0/0    10:12   0:00   0:00 
Kristopher Letang        0  0  0   0  0   0  1  0  0  0  0/0    21:19   0:00   4:00 
Lias Andersson           0  0  0  -1  0   0  0  0  0  0  2/8     7:57   0:00   0:00 
Matthew Tkachuk          0  0  0  -1  0   1  0  0  0  0  0/0    15:39   0:00   0:20 
Nick Foligno             0  0  0   0  0   0  5  0  0  0  0/0    22:29   0:00   7:32 
Patrice Bergeron         0  0  0  -1  0   3  1  1  0  0  20/28  22:18   0:00   6:59 
Patrick Kane             1  0  1   0  0   4  0  0  0  0  0/0    18:09   0:00   0:00 
Roman Polak              0  0  0   0  6   0  1  1  0  0  0/0    18:25   0:00   3:05 
Sebastian Aho            0  0  0   0  0   0  0  2  0  0  3/14   15:30   0:00   0:33 
Tyler Pitlick            0  0  0  -1  0   0  1  0  0  0  0/0     8:21   0:00   0:24 
Valeri Nichushkin        0  0  0   0  0   1  0  0  0  0  0/1    14:57   0:00   0:00 
Victor Hedman            0  0  0   0  2   0  0  0  0  0  0/0    24:25   0:00   6:27 

3 Stars

1 - Brock Boeser (SAC)
2 - Matt Duchene (SAC)
3 - Alexander DeBrincat (SAC)

Power Play

SACRAMENTO BANDITS - 1 on 6 Attempt(s) - 16,67%
SPOKANE KNIGHTS - 0 on 0 Attempt(s) - 0,00%

Penalty Kill

SACRAMENTO BANDITS - 0 on 0 Attempt(s) - 0,00% - Score 0 goal in Penalty Kill
SPOKANE KNIGHTS - 5 on 6 Attempt(s) - 83,33% - Score 0 goal in Penalty Kill

Team Stat

SACRAMENTO BANDITS - Hits : 27 - Faceoff Wins : 31 - Blocked Shots : 4 - Penalty Minutes : 0
SPOKANE KNIGHTS - Hits : 15 - Faceoff Wins : 29 - Blocked Shots : 5 - Penalty Minutes : 12

Official

Referees : Garrett Rank and Ghislain Hebert
Linesman : Tyson Baker and Darren Gibbs

Game Notes

No Game Note

Finance

Level 1 -- Attendance: 8350 (100,00%) -- Ticket Income 1 060 450 $
Level 2 -- Attendance: 6100 (100,00%) -- Ticket Income 524 600 $
Level 3 -- Attendance: 2400 (100,00%) -- Ticket Income 144 000 $
Level 4 -- Attendance: 6000 (100,00%) -- Ticket Income 234 000 $
Luxury Box -- Attendance: 1150 (100,00%) -- Ticket Income 293 250 $
Total Attendance: 24000 (100,00%)
Total Ticket Income: 2 256 300 $
Other Income: 789 705 $
Total Income: 3 046 005 $

SACRAMENTO BANDITS

5 vs 5 Forward 
   Center                   Left Wing                Right Wing               Time % Phy DF OF 
 1 Aleksander Barkov        Jonathan Huberdeau       Alexander Radulov        36     1   2  2  
 2 Matt Duchene             Alexander DeBrincat      Brock Boeser             31     1   2  2  
 3 Matt Duchene             Scott Laughton           Jake DeBrusk             23     1   2  2  
 4 Jay Beagle               Kyle Clifford            Justin Williams          10     1   2  2  

5 vs 5 Defense 
   Defense                  Defense                                           Time % Phy DF OF 
 1 John Carlson             Mattias Ekholm                                    36     1   2  2  
 2 Ryan Suter               Ivan Provorov                                     31     1   2  2  
 3 Mark Borowiecki          Luca Sbisa                                        23     1   2  2  
 4 John Carlson             Ryan Suter                                        10     1   2  2  

PowerPlay Forward 
   Center                   Left Wing                Right Wing               Time % Phy DF OF 
 1 Aleksander Barkov        Jonathan Huberdeau       Alexander Radulov        55     1   2  2  
 2 Jamie Benn               Alexander DeBrincat      Brock Boeser             45     1   2  2  

PowerPlay Defense
   Defense                  Defense                                           Time % Phy DF OF 
 1 John Carlson             Ryan Suter                                        55     1   2  2  
 2 Mattias Ekholm           Ivan Provorov                                     45     1   2  2  

Penalty Kill 4 Players Forward 
   Center                   Wing                     Time % Phy DF OF 
 1 Aleksander Barkov        Jonathan Huberdeau       55     1   2  2  
 2 Jamie Benn               Alexander Radulov        45     1   2  2  

Penalty Kill 4 Players Defense
   Defense                  Defense                  Time % Phy DF OF 
 1 John Carlson             Ryan Suter               55     1   2  2  
 2 Mattias Ekholm           Ivan Provorov            45     1   2  2  

Penalty Kill - 3 Players Forward 
   Forward                                           Time % Phy DF OF 
 1 Aleksander Barkov                                 55     1   2  2  
 2 Jonathan Huberdeau                                45     1   2  2  

Penalty Kill - 3 Players Defense
   Defense                  Defense                  Time % Phy DF OF 
 1 John Carlson             Ryan Suter               55     1   2  2  
 2 Mattias Ekholm           Ivan Provorov            45     1   2  2  

4 vs 4 Forward 
   Center                   Wing                     Time % Phy DF OF 
 1 Aleksander Barkov        Jonathan Huberdeau       55     1   2  2  
 2 Jamie Benn               Alexander Radulov        45     1   2  2  

4 vs 4 Defense
   Defense                  Defense                  Time % Phy DF OF 
 1 John Carlson             Ryan Suter               55     1   2  2  
 2 Mattias Ekholm           Ivan Provorov            45     1   2  2  

Last Minutes Offensive
   Center                   Left Wing                Right Wing               Defense                  Defense                  
   Aleksander Barkov        Jonathan Huberdeau       Alexander Radulov        John Carlson             Ryan Suter               

Last Minutes Defensive
   Center                   Left Wing                Right Wing               Defense                  Defense                  
   Aleksander Barkov        Jonathan Huberdeau       Alexander Radulov        John Carlson             Ryan Suter               

Goaltenders
Starting : Andrei Vasilevskiy       
Backup : Craig Anderson           

Extra Forwards
Normal : Matt Duchene, Jay Beagle, Jake DeBrusk - PP : Matt Duchene, Jay Beagle - PK : Jake DeBrusk
Extra Defensemen
Normal : Mark Borowiecki, Luca Sbisa, Mattias Ekholm - PP : Mark Borowiecki - PK : Luca Sbisa, Mattias Ekholm
Penalty Shots
Aleksander Barkov, Jonathan Huberdeau, Jamie Benn, Alexander Radulov, Brock Boeser
Custom OT Lines Forwards
Aleksander Barkov, Jonathan Huberdeau, Jamie Benn, Alexander Radulov, Brock Boeser, Matt Duchene, Alexander DeBrincat, Jay Beagle, Jake DeBrusk, Scott Laughton
Custom OT Lines Defensemen
John Carlson, Ryan Suter, Mattias Ekholm, Ivan Provorov, Mark Borowiecki

Scratches
Colton Sissons (Healthy)

SPOKANE KNIGHTS

5 vs 5 Forward 
   Center                   Left Wing                Right Wing               Time % Phy DF OF 
 1 Patrice Bergeron         Matthew Tkachuk          Blake Wheeler            33     0   1  4  
 2 Sebastian Aho            Nick Foligno             Valeri Nichushkin        32     1   2  2  
 3 Gaetan Haas              Garnet Hathaway          Patrick Kane             25     1   3  1  
 4 Lias Andersson           Tyler Pitlick            Patrick Kane             10     1   3  1  

5 vs 5 Defense 
   Defense                  Defense                                           Time % Phy DF OF 
 1 Victor Hedman            Kristopher Letang                                 37     1   2  2  
 2 Cale Makar               Roman Polak                                       33     1   3  1  
 3 Brent Seabrook           Dan Hamhuis                                       20     1   3  1  
 4 Brent Seabrook           Dan Hamhuis                                       10     1   3  1  

PowerPlay Forward 
   Center                   Left Wing                Right Wing               Time % Phy DF OF 
 1 Sebastian Aho            Matthew Tkachuk          Blake Wheeler            50     1   1  3  
 2 Patrice Bergeron         Valeri Nichushkin        Patrick Kane             50     1   1  3  

PowerPlay Defense
   Defense                  Defense                                           Time % Phy DF OF 
 1 Kristopher Letang        Victor Hedman                                     50     0   1  4  
 2 Cale Makar               Nick Foligno                                      50     0   1  4  

Penalty Kill 4 Players Forward 
   Center                   Wing                     Time % Phy DF OF 
 1 Patrice Bergeron         Nick Foligno             60     1   3  1  
 2 Blake Wheeler            Gaetan Haas              40     1   3  1  

Penalty Kill 4 Players Defense
   Defense                  Defense                  Time % Phy DF OF 
 1 Roman Polak              Victor Hedman            60     1   3  1  
 2 Kristopher Letang        Dan Hamhuis              40     1   3  1  

Penalty Kill - 3 Players Forward 
   Forward                                           Time % Phy DF OF 
 1 Patrice Bergeron                                  60     0   5  0  
 2 Blake Wheeler                                     40     0   5  0  

Penalty Kill - 3 Players Defense
   Defense                  Defense                  Time % Phy DF OF 
 1 Kristopher Letang        Victor Hedman            60     0   5  0  
 2 Roman Polak              Dan Hamhuis              40     0   5  0  

4 vs 4 Forward 
   Center                   Wing                     Time % Phy DF OF 
 1 Patrice Bergeron         Blake Wheeler            50     1   2  2  
 2 Sebastian Aho            Nick Foligno             50     1   2  2  

4 vs 4 Defense
   Defense                  Defense                  Time % Phy DF OF 
 1 Kristopher Letang        Victor Hedman            60     1   2  2  
 2 Cale Makar               Roman Polak              40     1   2  2  

Last Minutes Offensive
   Center                   Left Wing                Right Wing               Defense                  Defense                  
   Patrice Bergeron         Patrick Kane             Blake Wheeler            Kristopher Letang        Victor Hedman            

Last Minutes Defensive
   Center                   Left Wing                Right Wing               Defense                  Defense                  
   Patrice Bergeron         Nick Foligno             Blake Wheeler            Kristopher Letang        Victor Hedman            

Goaltenders
Starting : Matthew Murray           
Backup : Mike Smith               

Extra Forwards
Normal : Tyler Pitlick, Gaetan Haas, Garnet Hathaway - PP : Patrick Kane, Tyler Pitlick - PK : Tyler Pitlick
Extra Defensemen
Normal : Brent Seabrook, Dan Hamhuis, Cale Makar - PP : Brent Seabrook - PK : Brent Seabrook, Cale Makar
Penalty Shots
Matthew Tkachuk, Patrick Kane, Sebastian Aho, Patrice Bergeron, Blake Wheeler
Custom OT Lines Forwards
Patrice Bergeron, Blake Wheeler, Sebastian Aho, Patrick Kane, Nick Foligno, Matthew Tkachuk, Valeri Nichushkin, Tyler Pitlick, Gaetan Haas, Garnet Hathaway
Custom OT Lines Defensemen
Victor Hedman, Kristopher Letang, Cale Makar, Roman Polak, Brent Seabrook

Scratches
None


% Time on Ice - SACRAMENTO BANDITS

Lines # - Real PCT - Wanted PCT - Time Play
Normal Forward
1 - 30% - 36% - 14:38
2 - 26% - 31% - 12:39
3 - 21% - 23% - 10:20
4 - 22% - 10% - 10:48
Normal Defense
1 - 36% - 36% - 17:27
2 - 28% - 31% - 13:46
3 - 32% - 23% - 15:41
4 - 3% - 10% - 1:31
PP Forward
1 - 56% - 55% - 6:27
2 - 44% - 45% - 5:08
PP Defense
1 - 53% - 55% - 6:10
2 - 47% - 45% - 5:25
PK Forward
1 - 0% - 55%
2 - 0% - 45%
PK Defense
1 - 0% - 55%
2 - 0% - 45%
PK3 Forward
1 - 0% - 55%
2 - 0% - 45%
PK3 Defense
1 - 0% - 55%
2 - 0% - 45%
44 Forward
1 - 0% - 55%
2 - 0% - 45%
44 Defense
1 - 0% - 55%
2 - 0% - 45%
Last Minute Offensive  - 0:00
Last Minute Defensive  - 0:00
Total
Forward - 60:00
Defense - 60:00

% Time on Ice - SPOKANE KNIGHTS

Lines # - Real PCT - Wanted PCT - Time Play
Normal Forward
1 - 32% - 33% - 15:19
2 - 31% - 32% - 14:57
3 - 21% - 25% - 10:12
4 - 16% - 10% - 7:57
Normal Defense
1 - 37% - 37% - 17:59
2 - 32% - 33% - 15:23
3 - 23% - 20% - 11:10
4 - 8% - 10% - 3:53
PP Forward
1 - 0% - 50%
2 - 0% - 50%
PP Defense
1 - 0% - 50%
2 - 0% - 50%
PK Forward
1 - 68% - 60% - 7:52
2 - 32% - 40% - 3:43
PK Defense
1 - 63% - 60% - 7:18
2 - 37% - 40% - 4:17
PK3 Forward
1 - 0% - 60%
2 - 0% - 40%
PK3 Defense
1 - 0% - 60%
2 - 0% - 40%
44 Forward
1 - 0% - 50%
2 - 0% - 50%
44 Defense
1 - 0% - 60%
2 - 0% - 40%
Last Minute Offensive  - 0:00
Last Minute Defensive  - 0:00
Total
Forward - 60:00
Defense - 60:00

Play-by-Play

1st period


0:01 of 1st period - Patrice Bergeron wins face-off versus Aleksander Barkov in neutral zone.
1:36 of 1st period - Icing by Cale Makar.
1:37 of 1st period - Matt Duchene wins face-off versus Sebastian Aho in SPOKANE KNIGHTS zone.
1:38 of 1st period - Shot by Brock Boeser.
1:38 of 1st period - Shot Misses the Net.
1:48 of 1st period - Shot by Sebastian Aho.
1:48 of 1st period - Shot Misses the Net.
1:55 of 1st period - Icing by Ivan Provorov.
1:56 of 1st period - Matt Duchene wins face-off versus Gaetan Haas in SACRAMENTO BANDITS zone.
2:25 of 1st period - Shot by Patrick Kane.
2:25 of 1st period - Stopped by Andrei Vasilevskiy without a rebound.
2:26 of 1st period - Jay Beagle wins face-off versus Patrice Bergeron in SACRAMENTO BANDITS zone.
2:32 of 1st period - Off-side.
2:33 of 1st period - Jay Beagle wins face-off versus Lias Andersson in neutral zone.
2:50 of 1st period - Shot by Jay Beagle.
2:50 of 1st period - Stopped by Matthew Murray without a rebound.
2:51 of 1st period - Matt Duchene wins face-off versus Sebastian Aho in SPOKANE KNIGHTS zone.
2:55 of 1st period - Icing by Dan Hamhuis.
2:56 of 1st period - Matt Duchene wins face-off versus Sebastian Aho in SPOKANE KNIGHTS zone.
3:23 of 1st period - Valeri Nichushkin is hit by Scott Laughton and loses puck.
3:47 of 1st period - Icing by Brent Seabrook.
3:48 of 1st period - Jay Beagle wins face-off versus Sebastian Aho in SPOKANE KNIGHTS zone.
4:19 of 1st period - Cale Makar is hit by Kyle Clifford and loses puck.
4:25 of 1st period - Jay Beagle is hit by Roman Polak and loses puck.
4:38 of 1st period - Shot by Patrick Kane.
4:38 of 1st period - Stopped by Andrei Vasilevskiy without a rebound.
4:39 of 1st period - Patrice Bergeron wins face-off versus Matt Duchene in SACRAMENTO BANDITS zone.
5:33 of 1st period - Icing by Patrice Bergeron.
5:34 of 1st period - Patrice Bergeron wins face-off versus Aleksander Barkov in SPOKANE KNIGHTS zone.
6:58 of 1st period - Shot by Valeri Nichushkin.
6:58 of 1st period - Stopped by Andrei Vasilevskiy without a rebound.
6:59 of 1st period - Patrice Bergeron wins face-off versus Matt Duchene in SACRAMENTO BANDITS zone.
7:02 of 1st period - Shot by Patrice Bergeron.
7:02 of 1st period - Shot Misses the Net.
7:20 of 1st period - Shot by Patrice Bergeron.
7:20 of 1st period - Shot Misses the Net.
7:38 of 1st period - Shot by Matthew Tkachuk.
7:38 of 1st period - Shot Misses the Net.
7:55 of 1st period - Off-side.
7:56 of 1st period - Aleksander Barkov wins face-off versus Lias Andersson in neutral zone.
8:18 of 1st period - Icing by Tyler Pitlick.
8:19 of 1st period - Jay Beagle wins face-off versus Lias Andersson in SPOKANE KNIGHTS zone.
8:19 of 1st period - Jay Beagle is hit by Brent Seabrook.
8:39 of 1st period - Ryan Suter is hit by Tyler Pitlick and loses puck.
9:01 of 1st period - Icing by Brent Seabrook.
9:02 of 1st period - Matt Duchene wins face-off versus Lias Andersson in SPOKANE KNIGHTS zone.
9:02 of 1st period - Minor Penalty to Brent Seabrook for Tripping.
9:03 of 1st period - Patrice Bergeron wins face-off versus Aleksander Barkov in SPOKANE KNIGHTS zone.
9:40 of 1st period - Patrice Bergeron is hit by Alexander Radulov and loses puck.
11:58 of 1st period - Patrick Kane is hit by John Carlson and loses puck.
12:51 of 1st period - Off-side.
12:52 of 1st period - Jonathan Huberdeau wins face-off versus Patrice Bergeron in neutral zone.
13:10 of 1st period - Icing by Luca Sbisa.
13:11 of 1st period - Aleksander Barkov wins face-off versus Gaetan Haas in SACRAMENTO BANDITS zone.
13:11 of 1st period - Aleksander Barkov is hit by Garnet Hathaway.
13:29 of 1st period - Shot by Jonathan Huberdeau.
13:29 of 1st period - Shot Misses the Net.
13:30 of 1st period - Minor Penalty to Roman Polak for Hooking.
13:31 of 1st period - Patrice Bergeron wins face-off versus Jamie Benn in SPOKANE KNIGHTS zone.
13:31 of 1st period - Patrice Bergeron is hit by Jamie Benn.
13:38 of 1st period - Icing by Brock Boeser.
13:39 of 1st period - Jamie Benn wins face-off versus Patrice Bergeron in SACRAMENTO BANDITS zone.
13:39 of 1st period - Jamie Benn is hit by Nick Foligno.
15:56 of 1st period - Shot by Matt Duchene.
15:56 of 1st period - Shot Blocked by Brent Seabrook.
16:05 of 1st period - Tyler Pitlick is hit by Luca Sbisa and loses puck.
16:16 of 1st period - Shot by Patrick Kane.
16:16 of 1st period - Deflect By Garnet Hathaway.
16:16 of 1st period - Shot Misses the Net.
16:18 of 1st period - Shot by Patrick Kane.
16:18 of 1st period - Deflect By Garnet Hathaway.
16:18 of 1st period - Stopped by Andrei Vasilevskiy without a rebound.
16:19 of 1st period - Patrice Bergeron wins face-off versus Jay Beagle in SACRAMENTO BANDITS zone.
16:22 of 1st period - Shot by Blake Wheeler.
16:22 of 1st period - Shot Misses the Net.
16:24 of 1st period - Shot by Cale Makar.
16:24 of 1st period - Shot Blocked by John Carlson.
16:42 of 1st period - Shot by Matthew Tkachuk.
16:42 of 1st period - Shot Blocked by Mattias Ekholm.
16:48 of 1st period - Shot by Patrice Bergeron.
16:48 of 1st period - Shot Misses the Net.
16:50 of 1st period - Shot by Cale Makar.
16:50 of 1st period - Shot Misses the Net.
16:52 of 1st period - Shot by Patrice Bergeron.
16:52 of 1st period - Shot Misses the Net.
16:54 of 1st period - Shot by Blake Wheeler.
16:54 of 1st period - Stopped by Andrei Vasilevskiy without a rebound.
16:55 of 1st period - Gaetan Haas wins face-off versus Aleksander Barkov in SACRAMENTO BANDITS zone.
17:05 of 1st period - Patrick Kane is hit by Ivan Provorov.
17:15 of 1st period - Shot by Jonathan Huberdeau.
17:15 of 1st period - Stopped by Matthew Murray without a rebound.
17:16 of 1st period - Sebastian Aho wins face-off versus Matt Duchene in SPOKANE KNIGHTS zone.
17:16 of 1st period - Sebastian Aho is hit by Matt Duchene.
17:29 of 1st period - Nick Foligno is hit by Mark Borowiecki and loses puck.
19:43 of 1st period - Sebastian Aho is hit by Brock Boeser.
Goals for this period are 0 for SACRAMENTO BANDITS vs 0 for SPOKANE KNIGHTS.
Shots for this period are 2 for SACRAMENTO BANDITS vs 5 for SPOKANE KNIGHTS.

2nd period


0:01 of 2nd period - Aleksander Barkov wins face-off versus Sebastian Aho in neutral zone.
0:24 of 2nd period - Nick Foligno is hit by Mattias Ekholm and loses puck.
0:37 of 2nd period - Kristopher Letang is hit by Alexander Radulov and loses puck.
0:55 of 2nd period - Icing by Kristopher Letang.
0:56 of 2nd period - Sebastian Aho wins face-off versus Matt Duchene in SPOKANE KNIGHTS zone.
1:19 of 2nd period - Shot by Brock Boeser.
1:19 of 2nd period - Goal by Brock Boeser - SACRAMENTO BANDITS : 1 - SPOKANE KNIGHTS : 0.
1:20 of 2nd period - Jay Beagle wins face-off versus Patrice Bergeron in neutral zone.
1:23 of 2nd period - Patrice Bergeron is hit by Kyle Clifford and loses puck.
1:43 of 2nd period - Icing by Roman Polak.
1:44 of 2nd period - Patrice Bergeron wins face-off versus Aleksander Barkov in SPOKANE KNIGHTS zone.
2:13 of 2nd period - Shot by Patrice Bergeron.
2:13 of 2nd period - Stopped by Andrei Vasilevskiy with a rebound.
2:15 of 2nd period - Shot by Blake Wheeler.
2:15 of 2nd period - Stopped by Andrei Vasilevskiy with a rebound.
2:53 of 2nd period - Shot by Patrick Kane.
2:53 of 2nd period - Shot Blocked by Mattias Ekholm.
3:10 of 2nd period - Off-side.
3:11 of 2nd period - Matt Duchene wins face-off versus Sebastian Aho in neutral zone.
3:11 of 2nd period - Matt Duchene is hit by Nick Foligno.
3:19 of 2nd period - Brock Boeser is hit by Nick Foligno and loses puck.
4:27 of 2nd period - Shot by Justin Williams.
4:27 of 2nd period - Stopped by Matthew Murray with a rebound.
4:37 of 2nd period - Shot by Jay Beagle.
4:37 of 2nd period - Shot Blocked by Patrice Bergeron.
5:06 of 2nd period - Minor Penalty to Roman Polak for Holding.
5:07 of 2nd period - Patrice Bergeron wins face-off versus Aleksander Barkov in SPOKANE KNIGHTS zone.
6:15 of 2nd period - Shot by Mattias Ekholm.
6:15 of 2nd period - Shot Misses the Net.
7:03 of 2nd period - Shot by John Carlson.
7:03 of 2nd period - Deflect By Jonathan Huberdeau.
7:03 of 2nd period - Stopped by Matthew Murray without a rebound.
7:04 of 2nd period - Patrice Bergeron wins face-off versus Aleksander Barkov in SPOKANE KNIGHTS zone.
7:19 of 2nd period - Shot by Scott Laughton.
7:19 of 2nd period - Stopped by Matthew Murray without a rebound.
7:20 of 2nd period - Jay Beagle wins face-off versus Lias Andersson in SPOKANE KNIGHTS zone.
7:25 of 2nd period - Shot by Justin Williams.
7:25 of 2nd period - Shot Blocked by Roman Polak.
8:07 of 2nd period - Shot by Blake Wheeler.
8:07 of 2nd period - Stopped by Andrei Vasilevskiy with a rebound.
8:09 of 2nd period - Shot by Patrice Bergeron.
8:09 of 2nd period - Stopped by Andrei Vasilevskiy without a rebound.
8:10 of 2nd period - Patrice Bergeron wins face-off versus Aleksander Barkov in SACRAMENTO BANDITS zone.
8:17 of 2nd period - Shot by Matthew Tkachuk.
8:17 of 2nd period - Stopped by Andrei Vasilevskiy without a rebound.
8:18 of 2nd period - Patrice Bergeron wins face-off versus Aleksander Barkov in SACRAMENTO BANDITS zone.
8:19 of 2nd period - Shot by Blake Wheeler.
8:19 of 2nd period - Deflect By Patrice Bergeron.
8:19 of 2nd period - Shot Misses the Net.
8:21 of 2nd period - Shot by Brent Seabrook.
8:21 of 2nd period - Stopped by Andrei Vasilevskiy without a rebound.
8:22 of 2nd period - Aleksander Barkov wins face-off versus Sebastian Aho in SACRAMENTO BANDITS zone.
8:40 of 2nd period - Shot by Jonathan Huberdeau.
8:40 of 2nd period - Shot Misses the Net.
8:42 of 2nd period - Shot by Mattias Ekholm.
8:42 of 2nd period - Shot Blocked by Sebastian Aho.
8:44 of 2nd period - Shot by Mattias Ekholm.
8:44 of 2nd period - Shot Misses the Net.
9:03 of 2nd period - Nick Foligno is hit by Mattias Ekholm and loses puck.
9:32 of 2nd period - Shot by Brock Boeser.
9:32 of 2nd period - Stopped by Matthew Murray without a rebound.
9:33 of 2nd period - Jay Beagle wins face-off versus Patrice Bergeron in SPOKANE KNIGHTS zone.
10:02 of 2nd period - Shot by Patrice Bergeron.
10:02 of 2nd period - Stopped by Andrei Vasilevskiy without a rebound.
10:03 of 2nd period - Matt Duchene wins face-off versus Gaetan Haas in SACRAMENTO BANDITS zone.
10:03 of 2nd period - Matt Duchene is hit by Garnet Hathaway.
10:26 of 2nd period - Ivan Provorov is hit by Dan Hamhuis and loses puck.
10:32 of 2nd period - Minor Penalty to Dan Hamhuis for Hooking.
10:33 of 2nd period - Patrice Bergeron wins face-off versus Jonathan Huberdeau in SPOKANE KNIGHTS zone.
10:45 of 2nd period - Shot by Aleksander Barkov.
10:45 of 2nd period - Stopped by Matthew Murray without a rebound.
10:46 of 2nd period - Jamie Benn wins face-off versus Patrice Bergeron in SPOKANE KNIGHTS zone.
10:51 of 2nd period - Shot by Brock Boeser.
10:51 of 2nd period - Stopped by Matthew Murray with a rebound.
11:06 of 2nd period - Shot by Brock Boeser.
11:06 of 2nd period - Stopped by Matthew Murray without a rebound.
11:07 of 2nd period - Patrice Bergeron wins face-off versus Aleksander Barkov in SPOKANE KNIGHTS zone.
11:46 of 2nd period - Shot by John Carlson.
11:46 of 2nd period - Shot Misses the Net.
11:48 of 2nd period - Shot by John Carlson.
11:48 of 2nd period - Shot Misses the Net.
12:12 of 2nd period - Shot by Brock Boeser.
12:12 of 2nd period - Goal by Brock Boeser - SACRAMENTO BANDITS : 2 - SPOKANE KNIGHTS : 0.
12:13 of 2nd period - Lias Andersson wins face-off versus Matt Duchene in neutral zone.
12:35 of 2nd period - Shot by Scott Laughton.
12:35 of 2nd period - Shot Misses the Net.
12:39 of 2nd period - Shot by Matt Duchene.
12:39 of 2nd period - Goal by Matt Duchene - SACRAMENTO BANDITS : 3 - SPOKANE KNIGHTS : 0.
12:40 of 2nd period - Jay Beagle wins face-off versus Patrice Bergeron in neutral zone.
12:56 of 2nd period - Off-side.
12:57 of 2nd period - Aleksander Barkov wins face-off versus Gaetan Haas in neutral zone.
13:06 of 2nd period - Shot by Aleksander Barkov.
13:06 of 2nd period - Stopped by Matthew Murray without a rebound.
13:07 of 2nd period - Matt Duchene wins face-off versus Patrice Bergeron in SPOKANE KNIGHTS zone.
14:24 of 2nd period - Shot by Patrick Kane.
14:24 of 2nd period - Goal by Patrick Kane - SACRAMENTO BANDITS : 3 - SPOKANE KNIGHTS : 1.
14:25 of 2nd period - Jay Beagle wins face-off versus Valeri Nichushkin in neutral zone.
14:40 of 2nd period - Shot by Kyle Clifford.
14:40 of 2nd period - Shot Misses the Net.
15:20 of 2nd period - Shot by Jonathan Huberdeau.
15:20 of 2nd period - Stopped by Matthew Murray with a rebound.
15:35 of 2nd period - Shot by Jonathan Huberdeau.
15:35 of 2nd period - Stopped by Matthew Murray with a rebound.
15:37 of 2nd period - Shot by Aleksander Barkov.
15:37 of 2nd period - Shot Misses the Net.
16:31 of 2nd period - Off-side.
16:32 of 2nd period - Patrice Bergeron wins face-off versus Justin Williams in neutral zone.
16:52 of 2nd period - Shot by Justin Williams.
16:52 of 2nd period - Deflect By Jay Beagle.
16:52 of 2nd period - Shot Misses the Net.
16:54 of 2nd period - Shot by Luca Sbisa.
16:54 of 2nd period - Shot Misses the Net.
16:56 of 2nd period - Shot by Jay Beagle.
16:56 of 2nd period - Stopped by Matthew Murray without a rebound.
16:57 of 2nd period - Matt Duchene wins face-off versus Sebastian Aho in SPOKANE KNIGHTS zone.
17:04 of 2nd period - Shot by Scott Laughton.
17:04 of 2nd period - Shot Misses the Net.
17:56 of 2nd period - Victor Hedman is hit by Matt Duchene and loses puck.
18:56 of 2nd period - Shot by Jonathan Huberdeau.
18:56 of 2nd period - Deflect By Aleksander Barkov.
18:56 of 2nd period - Stopped by Matthew Murray without a rebound.
18:57 of 2nd period - Aleksander Barkov wins face-off versus Gaetan Haas in SPOKANE KNIGHTS zone.
19:31 of 2nd period - Aleksander Barkov is hit by Garnet Hathaway.
19:40 of 2nd period - Cale Makar is hit by Ryan Suter and loses puck.
Goals for this period are 3 for SACRAMENTO BANDITS vs 1 for SPOKANE KNIGHTS.
Shots for this period are 15 for SACRAMENTO BANDITS vs 8 for SPOKANE KNIGHTS.

3rd period


0:01 of 3rd period - Patrice Bergeron wins face-off versus Matt Duchene in neutral zone.
0:04 of 3rd period - Shot by Blake Wheeler.
0:04 of 3rd period - Stopped by Andrei Vasilevskiy with a rebound.
0:06 of 3rd period - Shot by Patrice Bergeron.
0:06 of 3rd period - Shot Misses the Net.
0:18 of 3rd period - Victor Hedman is hit by Alexander DeBrincat and loses puck.
0:28 of 3rd period - Off-side.
0:29 of 3rd period - Sebastian Aho wins face-off versus Aleksander Barkov in neutral zone.
0:53 of 3rd period - Minor Penalty to Roman Polak for Tripping.
0:54 of 3rd period - Patrice Bergeron wins face-off versus Jamie Benn in SPOKANE KNIGHTS zone.
0:54 of 3rd period - Patrice Bergeron is hit by Jamie Benn.
1:26 of 3rd period - Shot by Brock Boeser.
1:26 of 3rd period - Stopped by Matthew Murray with a rebound.
2:04 of 3rd period - Shot by Jonathan Huberdeau.
2:04 of 3rd period - Stopped by Matthew Murray with a rebound.
2:06 of 3rd period - Shot by Ivan Provorov.
2:06 of 3rd period - Stopped by Matthew Murray without a rebound.
2:07 of 3rd period - Blake Wheeler wins face-off versus Aleksander Barkov in SPOKANE KNIGHTS zone.
2:40 of 3rd period - Shot by Jonathan Huberdeau.
2:40 of 3rd period - Stopped by Matthew Murray with a rebound.
4:00 of 3rd period - Shot by Jay Beagle.
4:00 of 3rd period - Deflect By Justin Williams.
4:00 of 3rd period - Stopped by Matthew Murray without a rebound.
4:01 of 3rd period - Patrice Bergeron wins face-off versus Matt Duchene in SPOKANE KNIGHTS zone.
4:01 of 3rd period - Patrice Bergeron is hit by Brock Boeser.
4:22 of 3rd period - Patrice Bergeron is hit by Mattias Ekholm and loses puck.
4:31 of 3rd period - Blake Wheeler is hit by Brock Boeser.
5:07 of 3rd period - Minor Penalty to Victor Hedman for Charging.
5:08 of 3rd period - Aleksander Barkov wins face-off versus Sebastian Aho in SPOKANE KNIGHTS zone.
7:16 of 3rd period - Shot by Matt Duchene.
7:16 of 3rd period - Stopped by Matthew Murray without a rebound.
7:17 of 3rd period - Lias Andersson wins face-off versus Matt Duchene in SPOKANE KNIGHTS zone.
8:04 of 3rd period - Icing by Ivan Provorov.
8:05 of 3rd period - Matt Duchene wins face-off versus Sebastian Aho in SACRAMENTO BANDITS zone.
8:05 of 3rd period - Matt Duchene is hit by Nick Foligno.
8:34 of 3rd period - Aleksander Barkov is hit by Brent Seabrook and loses puck.
9:09 of 3rd period - Shot by Jonathan Huberdeau.
9:09 of 3rd period - Shot Misses the Net.
10:49 of 3rd period - Shot by Brock Boeser.
10:49 of 3rd period - Shot Misses the Net.
11:07 of 3rd period - Shot by Matt Duchene.
11:07 of 3rd period - Shot Misses the Net.
11:23 of 3rd period - Kristopher Letang is hit by Matt Duchene and loses puck.
11:57 of 3rd period - Icing by Ivan Provorov.
11:58 of 3rd period - Jay Beagle wins face-off versus Sebastian Aho in SACRAMENTO BANDITS zone.
12:17 of 3rd period - Shot by Ryan Suter.
12:17 of 3rd period - Shot Blocked by Sebastian Aho.
12:19 of 3rd period - Shot by Ryan Suter.
12:19 of 3rd period - Deflect By Jay Beagle.
12:19 of 3rd period - Shot Misses the Net.
12:43 of 3rd period - Shot by Scott Laughton.
12:43 of 3rd period - Shot Misses the Net.
13:41 of 3rd period - Mattias Ekholm is hit by Nick Foligno and loses puck.
13:52 of 3rd period - Valeri Nichushkin is hit by Kyle Clifford and loses puck.
15:59 of 3rd period - Shot by Patrick Kane.
15:59 of 3rd period - Stopped by Andrei Vasilevskiy with a rebound.
16:01 of 3rd period - Shot by Cale Makar.
16:01 of 3rd period - Stopped by Andrei Vasilevskiy without a rebound.
16:02 of 3rd period - Matt Duchene wins face-off versus Lias Andersson in SACRAMENTO BANDITS zone.
16:22 of 3rd period - Shot by Jake DeBrusk.
16:22 of 3rd period - Shot Misses the Net.
16:35 of 3rd period - Off-side.
16:36 of 3rd period - Patrice Bergeron wins face-off versus Alexander Radulov in neutral zone.
17:08 of 3rd period - Icing by Kristopher Letang.
17:09 of 3rd period - Patrice Bergeron wins face-off versus Alexander DeBrincat in SPOKANE KNIGHTS zone.
17:09 of 3rd period - Patrice Bergeron is hit by Matt Duchene.
17:19 of 3rd period - Shot by Blake Wheeler.
17:19 of 3rd period - Shot Blocked by Mattias Ekholm.
17:49 of 3rd period - Patrice Bergeron is hit by Alexander DeBrincat and loses puck.
18:08 of 3rd period - Ivan Provorov is hit by Patrice Bergeron and loses puck.
18:44 of 3rd period - Icing by Patrick Kane.
18:45 of 3rd period - Gaetan Haas wins face-off versus Alexander Radulov in SPOKANE KNIGHTS zone.
18:45 of 3rd period - Gaetan Haas is hit by Jonathan Huberdeau.
19:09 of 3rd period - Roman Polak is hit by Aleksander Barkov and loses puck.
19:15 of 3rd period - Icing by Patrick Kane.
19:16 of 3rd period - Gaetan Haas wins face-off versus Matt Duchene in SPOKANE KNIGHTS zone.
19:49 of 3rd period - John Carlson is hit by Kristopher Letang and loses puck.
19:59 of 3rd period - Off-side.
Goals for this period are 0 for SACRAMENTO BANDITS vs 0 for SPOKANE KNIGHTS.
Shots for this period are 6 for SACRAMENTO BANDITS vs 3 for SPOKANE KNIGHTS.


NATHAN
MACKINNON
PHILLIP
DANAULT
CONNOR
MCDAVID

EAST COAST

HOCKEY LEAGUE

  • 25.QUE4CHI5
  • 26.CHA2LIM3
  • 27.TRV2LON3
  • 28.CHW4BAL2
  • 29.PITMAN
  • 30.ATLNHW
  • 31.WORPET
  • 32.RHI